 Dungeon Crawl Stone Soup version 0.23.2-1-ga50397a (webtiles) character file.

Game seed: 8150488403972662153

30 Wander the Magician (level 3, 26/26 HPs)
             Began as a Human Wanderer on May 3, 2019.
             Got out of the dungeon alive.
             The game lasted 00:02:04 (898 turns).

Wander the Magician (Human Wanderer)                 Turns: 898, Time: 00:02:05

Health: 26/26      AC:  9    Str: 10    XL:     3   Next: 35%
Magic:  7/7        EV:  9    Int: 15    God:
Gold:   32         SH:  0    Dex: 12    Spells: 7/8 levels left

rFire    . . .     SeeInvis .   k - +1 short sword (drain)
rCold    . . .     Gourm    .   (no shield)
rNeg     . . .     Faith    .   d - +0 ring mail
rPois    .         Spirit   .   (no helmet)
rElec    .         Reflect  .   (no cloak)
rCorr    .         Harm     .   (no gloves)
MR       .....                  (no boots)
Stlth    +.........             e - amulet of regeneration
HPRegen  0.48/turn              i - +4 ring of protection
MPRegen  0.10/turn              (no ring)

@: no status effects
A: no striking features
a: no special abilities


You escaped.
You were not hungry.

You visited 1 branch of the dungeon, and saw 2 of its levels.

You collected 32 gold pieces.

Inventory:

Hand Weapons
 a - a +0 shortbow
 k - a +1 short sword of draining (weapon)
Missiles
 c - 14 arrows
Armour
 d - a +0 ring mail (worn)
Jewellery
 e - an amulet of regeneration (around neck)
 i - a +4 ring of protection (left hand)
Scrolls
 b - 2 scrolls of teleportation {unknown}
 g - a scroll of identify {unknown}
 h - a scroll of random uselessness {unknown}
 l - a scroll of blinking {unknown}
Potions
 j - a potion of magic {unknown}
Comestibles
 f - 2 rations


   Skills:
 + Level 1.1 Fighting
 + Level 2.1 Bows
 + Level 1.0 Throwing
 + Level 2.1 Armour
 + Level 1.0 Stealth
 + Level 3.2 Spellcasting
   Level 1.0 Hexes
   Level 1.0 Fire Magic


You had 7 spell levels left.
You knew the following spells:

 Your Spells              Type           Power        Failure   Level  Hunger
a - Magic Dart            Conj           #...         45%         1    #......

Your spell library contained the following spells:

 Spells                   Type           Power        Failure   Level  Hunger
 Slow                     Hex            #.......     45%         2    ##.....
 Blink                    Tloc           N/A          58%         2    ##.....
 Call Imp                 Summ           #.......     58%         2    ##.....
 Conjure Flame            Conj/Fire      #.......     77%         3    ###....
 Mephitic Cloud           Conj/Pois/Air  #.......     83%         3    ###....


Dungeon Overview and Level Annotations

Branches:
Dungeon (2/15)

Altars:
Nemelex Xobeh


Message History

No target in view!
No target in view!
Welcome back, Wander the Human Wanderer.
Press ? for a list of commands and other information.
(D) Dungeon
Where to? (? - help)
You feel sick.
There is a stone staircase leading up here.
You feel sick.
You climb upwards.
There is a stone staircase leading down here.
Unknown command.
(D) Dungeon
Where to? (Enter - D:1, ? - help)
Okay, then.
HP restored.
You feel sick.
You are no longer poisoned.
There is a staircase leading out of the dungeon here.
Are you sure you want to leave the Dungeon?
This will make you lose the game!
You have escaped!

#.# #.#########.#....#...#
####.###...........#....#...#
#...........................##
########.#######.#.######.#...
#................).....
#.##.####.#.######.#..#
#.#...# #.#.# #.#..#
#####.#.#.###.#.# #....#
#.........@##.#.# #.####
#...........#.#.# #.....
#§≈...........#.# ######
#≈≈≈§......##.#.#######
#≈§§§≈≈≈...#..........#
#≈§§§§≈≈§§....#.#######
#≈§§§≈≈≈§≈≈.....#
#§≈§§§≈≈§§≈..##.#
#≈≈≈≈≈§§≈≈≈..##.#


There were no monsters in sight!

Vanquished Creatures
  An adder (D:2)
  A leopard gecko (D:1)
  A ball python (D:1)
  A giant cockroach (D:1)
  A hobgoblin (D:1)
  A quokka (D:2)
  5 bats
  A frilled lizard (D:1)
  6 kobolds
  2 rats (D:1)
20 creatures vanquished.

Notes
Turn   | Place    | Note
-------+----------+-------------------------------------------
     0 | D:1      | Wander the Human Wanderer began the quest for the Orb.
     0 | D:1      | Wander set off with the following items: a +0 shortbow, 21
                  | arrows, a +0 ring mail, a ration; and the following spell
                  | memorised: Magic Dart; and the following spells available
                  | to memorise: Slow, Blink, Call Imp, Conjure Flame, Mephitic
                  | Cloud
     0 | D:1      | Reached XP level 1. HP: 13/13 MP: 4/4
   265 | D:1      | Reached XP level 2. HP: 20/20 MP: 6/6
   274 | D:1      | Reached skill level 1 in Fighting
   783 | D:1      | Found a sparkling altar of Nemelex Xobeh.
   857 | D:2      | Reached XP level 3. HP: 22/26 MP: 7/7
   898 | D:$      | Got out of the dungeon alive.

Skill      XL: |  1  2 |
---------------+-------+-----
Fighting       | 1 |  1.1
Bows           | 2 |  2.1
Throwing       | |  1.0
Armour         | |  2.1
Stealth        | |  1.0
Spellcasting   | |  3.2
Hexes          | |  1.0
Fire Magic     | |  1.0

Action                   || total
-------------------------++-------
Melee: Short sword       ||    21
 Fire: Shortbow          ||    59
Armor: Ring mail         ||    17
Dodge: Dodged            ||    25
